 Dungeon Crawl Stone Soup version 0.16-a0-77-g708f960 (webtiles) character file.

8346 Charly the Martial Artist (level 11, 0/90 HPs)
             Began as a Merfolk Transmuter on Aug 8, 2014.
             Was an Elder of Cheibriados.
             Killed from afar by Joseph (11 damage)
             ... with a wand of draining
             ... on Level 9 of the Dungeon.
             The game lasted 00:59:23 (4098 turns).

Charly the Martial Artist (Merfolk Transmuter)      Turns: 4098, Time: 00:59:23

HP   0/90        AC  8     Str 22      XL: 11   Next: 29%
MP   9/20        EV 10     Int 23      God: Cheibriados [****..]
Gold 210         SH  0     Dex 23      Spells:  3 memorised,  4 levels left

rFire  . . .     SeeInvis .       - Unarmed
rCold  . . .     Clarity  .     b - +0 ring mail {rPois}
rNeg   . . .     rCorr    .     (shield currently unavailable)
rPois  +         rRot     .     (no helmet)
rElec  .         Spirit   .     n - +2 cloak
SustAb .         Warding  .     w - melded +0 pair of gloves (curse)
rMut   .         Stasis   .     (no boots)
Gourm  .                        (no amulet)
MR     .....                    (no ring)
                                (no ring)

@: blade hands, heavily drained, very slow, not resistant to hostile
enchantments, very unstealthy
A: change form in water, swift swim
a: End Transformation, Bend Time, Temporal Distortion, Slouch, Renounce Religion


You were on level 9 of the Dungeon.
You worshipped Cheibriados.
Cheibriados was greatly pleased with you.
You were very hungry.
Your hands were blades.
You visited 2 branches of the dungeon, and saw 11 of its levels.
You also visited: Sewer.

You collected 297 gold pieces.
You spent 87 gold pieces at shops.

Inventory:

Hand weapons
 a - a +1 blowgun
 p - a +0 morningstar
 B - a +0 battleaxe
Missiles
 c - 67 arrows
 e - 45 poisoned needles
Armour
 b - a +0 ring mail of poison resistance (worn)
 n - a +2 cloak (worn)
 w - a cursed +0 pair of gloves (melded)
Magical devices
 i - a wand of teleportation (0)
 k - a wand of frost (10)
 o - a wand of slowing (15)
 q - a wand of confusion (5)
 z - a wand of slowing (5)
Comestibles
 l - 5 fruits
 m - 3 meat rations
 r - 8 bread rations
 x - a slice of pizza
 C - 10 royal jellies
Scrolls
 v - a scroll of remove curse
Jewellery
 h - an uncursed amulet of stasis
 A - an uncursed ring of ice
Potions
 f - 2 potions of brilliance
 g - a potion of agility
 j - a potion of resistance
 s - 3 potions of restore abilities
 t - 5 potions of curing
 u - a potion of confusion {unknown}
Books
 d - a book of Changes

   Spells                             Type                      Level
   Beastly Appendage                  Transmutation                1
   *Sticks to Snakes                  Transmutation                2
   *Spider Form                       Transmutation/Poison         3
   Ice Form                           Ice/Transmutation            4
   *Blade Hands                       Transmutation                5


   Skills:
 + Level 9.8(7.9) Fighting
 - Level 2.6(1.1) Dodging
 + Level 12.4(10.4) Unarmed Combat
 - Level 2.0(0.4) Spellcasting
 - Level 10.0(8.1) Transmutations
 - Level 3.1(1.5) Poison Magic
 * Level 5.4(3.7) Invocations


You had 4 spell levels left.
You knew the following spells:

 Your Spells              Type           Power        Failure   Level  Hunger
h - Blade Hands           Trmt           #####.....   58%         5    ######.
s - Sticks to Snakes      Trmt           #####.....   14%         2    ###....
S - Spider Form           Trmt/Pois      ###.......   45%         3    ####...


Dungeon Overview and Level Annotations

Branches:
Dungeon (10/15)            Temple (1/1) D:4
    Orc: D:9-12        Lair: D:8-11

Altars:
Ashenzari
Cheibriados
Dithmenos
Elyvilon
Fedhas
Gozag
Kikubaaqudgha
Makhleb
Nemelex Xobeh
Okawaru
Sif Muna
Trog
Xom
Yredelemnul
Zin
The Shining One

Shops:
D:5 !}%(   D:8 (%

Annotations:
D:8 Erolcha
D:9 Joseph


Message History

You hit Joseph but do no damage.
Joseph unwields an uncursed hunting sling.
Joseph wields an uncursed quarterstaff.
Joseph hits you but does no damage.
You closely miss Joseph. You slash Joseph.
Joseph is lightly wounded.
Joseph zaps a wand.
The bolt of negative energy misses you.
You hit Joseph.
Joseph is lightly wounded.
You slice Joseph!!
Joseph is heavily wounded.
Joseph hits you with an uncursed quarterstaff!
You barely miss Joseph.
Joseph is heavily wounded.
Joseph zaps a wand.
The bolt of negative energy hits you!
You feel drained.
* * * LOW HITPOINT WARNING * * *
Use which ability? (? or * to list)
You can feel time thicken for a moment.
You feel somewhat more hungry.
Cheibriados reduces the support of your attributes as your movement quickens.
Joseph zaps a wand.
The bolt of negative energy hits you!
You feel drained.
You die...

#.# #.# #.# #.# #.#####
#######.....#
####...........#########
.........................
................@@.......
...............(######...
................#
..........(.....#
#########.......# #
#.......# # #.......# +
#.......# # #........


You could see Joseph.

Vanquished Creatures
  Fannar (D:10)
  The ghost of grisnicke the Carver, an experienced MiCK of Xom (D:10)
  An unseen horror (D:9)
  Pikel (D:5)
  A two-headed ogre (D:9)
  A troll (D:8)
  A wyvern (D:5)
  2 wraiths (D:8)
  A shadow (D:8)
  2 deep elf magi
  8 yaks (D:10)
  2 slaves (D:5)
  6 orc warriors
  A black bear (D:9)
  2 centaurs (D:10)
  4 ice beasts
  2 big kobolds
  A phantom (D:10)
  3 ogres
  6 giant frogs
  A troll zombie (D:10)
  7 wights
  2 crimson imps
  2 quasits
  2 orc priests
  A two-headed ogre zombie (D:10)
  5 iguanas
  4 jellies
  4 hounds (D:5)
  Natasha (D:5)
  4 worker ants
  6 orc wizards
  Jessica (D:3)
  A big kobold zombie (D:8)
  2 gnolls (D:3)
  5 adders
  3 shadow imps
  2 giant mites (D:3)
  An adder zombie (D:8)
  7 oozes
  41 orcs
  A ball python (D:5)
  11 bats
  A bat skeleton (D:5)
  2 giant cockroaches
  5 goblins
  8 hobgoblins
  2 jackals (Sewer)
  3 quokkas
  2 giant newts
  12 kobolds
  2 kobold zombies (D:5)
  9 rats
207 creatures vanquished.

Vanquished Creatures (collateral kills)
  Psyche (D:10)
  A gnoll (D:3)
  An adder (D:3)
  2 orcs (D:3)
5 creatures vanquished.

Grand Total: 212 creatures vanquished

Notes
Turn   | Place    | Note
--------------------------------------------------------------
     0 | D:1      | Charly, the Merfolk Transmuter, began the quest for the Orb.
     0 | D:1      | Reached XP level 1. HP: 15/15 MP: 3/3
   352 | D:3      | Reached XP level 2. HP: 11/21 MP: 2/4
   356 | D:3      | Learned a level 2 spell: Sticks to Snakes
   446 | D:3      | Reached skill level 4 in Unarmed Combat
   446 | D:3      | Reached XP level 3. HP: 14/26 MP: 0/6
   478 | D:3      | Noticed an orc wizard
   489 | D:3      | Killed an orc wizard
   489 | D:3      | Reached XP level 4. HP: 13/32 MP: 1/7
   524 | D:3      | Learned a level 3 spell: Spider Form
   544 | D:3      | Noticed an orc priest
   679 | D:3      | Noticed Jessica
   690 | D:3      | Killed Jessica
   702 | D:3      | Noticed a worker ant
   718 | D:3      | Reached skill level 5 in Unarmed Combat
   726 | D:3      | Found a glowing drain.
   730 | Sewer    | Entered a sewer
   808 | Sewer    | Noticed a big kobold
   858 | Sewer    | Killed a big kobold
   858 | Sewer    | Reached skill level 5 in Transmutations
   858 | Sewer    | Reached skill level 1 in Poison Magic
   858 | Sewer    | Reached XP level 5. HP: 8/37 MP: 9/9
   895 | Sewer    | Found a glowing silver altar of Zin.
   946 | D:3      | Killed a worker ant
  1017 | D:3      | Reached XP level 6. HP: 23/43 MP: 3/10
  1223 | D:4      | Found a shimmering altar of Xom.
  1237 | D:4      | Found a staircase to the Ecumenical Temple.
  1250 | Temple   | Entered the Ecumenical Temple
  1284 | Temple   | Became a worshipper of Cheibriados the Contemplative
  1361 | D:5      | Entered Level 5 of the Dungeon
  1380 | D:5      | Reached skill level 6 in Transmutations
  1449 | D:5      | Found Kejank's Food Emporium.
  1490 | D:5      | Found Plaloh's Antique Weapon Boutique.
  1553 | D:5      | Reached XP level 7. HP: 33/48 MP: 8/12
  1637 | D:5      | Noticed a wyvern
  1680 | D:5      | Reached skill level 7 in Transmutations
  1694 | D:5      | Found Zaox's Gadget Shop.
  1711 | D:5      | Found an iron altar of Okawaru.
  1776 | D:5      | Noticed Natasha
  1788 | D:5      | Killed Natasha
  1959 | D:5      | Found Otilaguptug's Distillery.
  1984 | D:5      | Killed a wyvern
  2040 | D:5      | Learned a level 5 spell: Blade Hands
  2046 | D:5      | Reached skill level 8 in Transmutations
  2046 | D:5      | Reached XP level 8. HP: 42/54 MP: 13/13
  2058 | D:5      | Bought a potion of might for 27 gold pieces
  2058 | D:5      | Bought a potion of heal wounds for 33 gold pieces
  2058 | D:5      | Bought a potion of might for 27 gold pieces
  2166 | D:5      | Noticed Pikel
  2171 | D:5      | Killed Pikel
  2171 | D:5      | Reached skill level 9 in Transmutations
  2520 | D:8      | Found Wumaul's Food Shop.
  2564 | D:8      | Reached XP level 9. HP: 50/62 MP: 10/14
  2642 | D:8      | Noticed a troll
  2655 | D:8      | Killed a troll
  2655 | D:8      | Reached skill level 10 in Transmutations
  2728 | D:8      | Found a glowing golden altar of the Shining One.
  2735 | D:8      | Found a blossoming altar of Fedhas.
  2763 | D:8      | Found an ancient bone altar of Kikubaaqudgha.
  2780 | D:8      | Acquired Cheibriados' first power
  2806 | D:8      | Reached skill level 1 in Invocations
  2818 | D:8      | Found a bloodstained altar of Trog.
  2822 | D:8      | Noticed Erolcha
  3064 | D:8      | Found Blihilukha's Weapon Emporium.
  3168 | D:9      | Reached skill level 10 in Unarmed Combat
  3221 | D:9      | Reached skill level 5 in Fighting
  3260 | D:10     | Entered Level 10 of the Dungeon
  3281 | D:10     | Acquired Cheibriados' second power
  3349 | D:10     | Noticed grisnicke's ghost (experienced MiCK)
  3351 | D:10     | Reached XP level 10. HP: 63/76 MP: 10/16
  3359 | D:10     | Killed grisnicke's ghost
  3398 | D:10     | Noticed Psyche
  3408 | D:10     | Reached skill level 11 in Unarmed Combat
  3412 | D:10     | Killed Psyche
  3494 | D:10     | Noticed Fannar
  3523 | D:10     | Killed Fannar
  3846 | D:10     | Reached XP level 11. HP: 78/89 MP: 14/19
  3849 | D:10     | Reached skill level 12 in Unarmed Combat
  3901 | D:10     | Reached skill level 5 in Invocations
  3933 | D:9      | Acquired Cheibriados' third power
  3974 | D:9      | Killed an unseen horror
  4086 | D:9      | Noticed Joseph
  4098 | D:9      | Killed from afar by Joseph

Action                   |  1- 3 |  4- 6 |  7- 9 | 10-12 || total
-------------------------+-------+-------+-------+-------++-------
Melee: Unarmed           |    44 |   156 |   226 |   119 ||   545
 Fire: Blowgun           |       |    10 |    33 |     6 ||    49
 Cast: Beastly Appendage |     7 |     8 |       |       ||    15
       Sticks to Snakes  |     3 |     2 |       |     4 ||     9
       Spider Form       |       |    10 |     9 |     4 ||    23
       Blade Hands       |       |       |    12 |    14 ||    26
Invok: Slouch            |       |       |       |     4 ||     4
 Abil: End Transformatio |       |       |     5 |     7 ||    12
Evoke: Wand              |       |     4 |     4 |     6 ||    14
  Use: Scroll            |     1 |     4 |    12 |     2 ||    19
       Potion            |     1 |     1 |     5 |     5 ||    12
 Stab: Sleeping          |     1 |     1 |     2 |     1 ||     5
  Eat: Chunk             |       |     2 |     5 |     3 ||    10
       Pizza             |       |     1 |       |     1 ||     2
       Beef jerky        |       |     1 |       |     1 ||     2
       Meat ration       |       |       |     1 |       ||     1
